 Dungeon Crawl Stone Soup version 0.29.1-15-g9cfb28693d (webtiles) character file.

Game seed: 10849379871120423549

164098 sentinel the Sorcerer (level 17, -7/125 HPs)
             Began as a Meteoran Earth Elementalist on Aug 20, 2023.
             Was a Priest of Kikubaaqudgha.
             Mangled by Urug
             ... wielding a +2 vorpal broad axe
              (13 damage)
             ... while paralysed by Rupert
             ... on level 14 of the Dungeon on Aug 21, 2023.
             The game lasted 02:13:15 (3420 turns).

sentinel the Sorcerer (Meteoran Earth Elementalist) Turns: 3420, Time: 02:13:15

Health: -7/125     AC: 12    Str: 14    XL:     17   Next: 94%
Magic:  19/52      EV:  2    Int: 31    God:    Kikubaaqudgha [***...]
Gold:   259        SH:  0    Dex: 17    Spells: 19/58 levels left

rFire   . . .      SeeInvis .   R - staff of death {!a}
rCold   . . .      Faith    .   (no shield)
rNeg    + . .      Spirit   .   S - +1 leather armour {rPois}
rPois   +          Reflect  .   p - +2 helmet {Int+3}
rElec   .          Harm     .   Q - +0 cloak {Stlth+}
rCorr   .          Rampage  .   D - +2 pair of gloves {Str+3}
Will    ++...                   k - +0 pair of boots
Stlth   +.........              g - amulet of the acrobat
HPRegen 0.30/turn               j - ring of magical power
MPRegen 0.33/turn               r - +6 ring of intelligence

@: paralysed, death channelling, glowing, studying Armour
A: sense surroundings 2, otherworldly, glowing, explore regen, frail 1
}: 3/15 runes: decaying, serpentine, slimy
a: Renounce Religion, Unearth Wretches


You were on level 14 of the Dungeon.
You worshipped Kikubaaqudgha.
Kikubaaqudgha was most pleased with you.
You visited 5 branches of the dungeon, and saw 32 of its levels.

You collected 819 gold pieces.
You spent 560 gold pieces at shops.

Inventory:

Hand Weapons
 K - the +8 spear of Rirghi Qifoo {elec, rN+ Int+3}
   (You found it on level 5 of the Pits of Slime)

   It occasionally discharges a powerful burst of electricity upon striking a
   foe.
   Int:       It affects your intelligence (+3).
   rN:        It protects you from negative energy.
Missiles
 m - 2 boomerangs
Armour
 a - a +0 robe
 h - the +1 hat "Usutipsah" {Will+}
   (You found it on level 5 of the Pits of Slime)

   Will:      It increases your willpower.
 i - a +0 helmet
 k - a +0 pair of boots (worn)
 l - a +1 ring mail of poison resistance
 p - a +2 helmet of intelligence (worn)
 q - a +2 robe of resistance
 v - the +1 ring mail of the Monkey {Int+2}
   (You found it on level 2 of the Dungeon)

   Int:       It affects your intelligence (+2).
 B - the +4 leather armour of Prudence {Dex+5}
   (You found it on level 5 of the Pits of Slime)

   Dex:       It affects your dexterity (+5).
 C - a +0 pair of gloves of dexterity
 D - a +2 pair of gloves of strength (worn)
 Q - a +0 cloak of stealth (worn)
 S - a +1 leather armour of poison resistance (worn)
Magical Staves
 J - a staff of cold {!a}
 R - a staff of death (weapon) {!a}
Jewellery
 g - an amulet of the acrobat (around neck)
 j - a ring of magical power (left hand)
 r - a +6 ring of intelligence (right hand)
 E - the amulet "Vynniaf" {Spirit Int+7}
   (You found it on level 5 of the Pits of Slime)

   [amulet of guardian spirit]

   It causes incoming damage to be divided between your reserves of health and
   magic.
   Int:       It affects your intelligence (+7).
Wands
 F - a wand of charming (11)
 G - a wand of mindburst (5)
 I - a wand of iceblast (1)
 V - a wand of flame (5)
Scrolls
 b - a scroll of summoning {unknown}
 f - 2 scrolls of butterflies
 n - a scroll of enchant weapon
 t - a scroll of teleportation
 y - 3 scrolls of amnesia
 z - a scroll of blinking
 P - a scroll of torment {unknown}
Potions
 c - a potion of attraction
 d - a potion of lignification
 e - 3 potions of degeneration
 o - a potion of cancellation
 H - 5 potions of flight
Miscellaneous
 U - a phial of floods (inert)


   Skills:
 - Level 9.9 Fighting
 - Level 10.7 Dodging
 - Level 1.4 Stealth
 - Level 21.4 Spellcasting
 - Level 5.0 Conjurations
 - Level 13.8 Necromancy
 - Level 5.9 Translocations
 - Level 1.2 Transmutations
 + Level 6.5 Fire Magic
 - Level 12.4 Ice Magic
 - Level 8.0 Earth Magic
 - Level 5.0 Evocations


You had 19 spell levels left.
You knew the following spells:

 Your Spells              Type           Power      Damage    Failure   Level
a - Sandblast             Erth           100%       2d20      1%          1
b - Death Channel         Necr           54%        N/A       1%          6
c - Simulacrum            Ice/Necr       53%        N/A       1%          6
d - Ignition              Fire           32%        3d10      99%         8
g - Apportation           Tloc           100%       N/A       1%          1
h - Stone Arrow           Conj/Erth      100%       3d13      1%          3
j - Passwall              Tmut/Erth      48%        N/A       1%          2
v - Frozen Ramparts       Ice            100%       1d16      1%          3
w - Borgnjor's Vile Clut  Necr/Erth      50%        N/A       1%          5
E - Animate Dead          Necr           100%       N/A       1%          4

Your spell library contained the following spells:

 Spells                   Type           Power      Damage    Failure   Level
 Freeze                   Ice            100%       1d11      0%          1
 Necrotise                Necr           100%       1d9       0%          1
 Vampiric Draining        Necr           100%       2d13      0%          3
 Sting                    Tmut/Pois      100%       1d8       1%          1
 Poisonous Vapours        Pois/Air       66%        N/A       1%          2
 Scorch                   Fire           100%       2d10      1%          2
 Wereblood                Tmut           40%        N/A       1%          2
 Conjure Flame            Conj/Fire      62%        6-21      1%          3
 Ignite Poison            Fire/Tmut/Pois 49%        N/A       1%          3
 Inner Flame              Hex/Fire       52%        N/A       1%          3
 Anguish                  Hex/Necr       42%        N/A       1%          4
 Corpse Rot               Necr/Pois/Air  75%        N/A       1%          4
 Hailstorm                Conj/Ice       72%        3d15      1%          4
 Petrify                  Tmut/Erth      58%        N/A       1%          4
 Agony                    Necr           100%       N/A       1%          5
 Lee's Rapid Deconstruct  Erth           35%        3d19*     1%          5
 Cause Fear               Hex            16%        N/A       13%         4
 Olgreb's Toxic Radiance  Pois           33%        N/A       13%         4
 Blade Hands              Tmut           20%        N/A       22%         5
 Alistair's Intoxication  Tmut/Pois      24%        N/A       28%         5
 Yara's Violent Unravell  Hex/Tmut       18%        3d9       28%         5
 Silence                  Hex/Air        16%        N/A       34%         5
 Discord                  Hex            16%        N/A       100%        8


Dungeon Overview and Level Annotations

Branches:
Dungeon (14/15) Zot: 7291    Lair (5/5) D:9 Zot: 2128   Swamp (4/4) Lair:3 Zot: 2166
  Snake (4/4) Lair:2 Zot: 1600   Slime (5/5) Lair:5 Zot: 2493  Vaults (0/5) D:14
 Temple: D:4-7          Orc: D:9-12

Altars:
Ashenzari
Hepliaklqana
Kikubaaqudgha
Nemelex Xobeh
Qazlal
Sif Muna
The Shining One

Shops:
Snake:4 =:=

Annotations:
D:10 Maurice
D:14 Nessos; Urug
Lair:4 !check the vault?, 1 runed translucent door, 1 exclusion, sentinel's ghost, journeyman MeEE
Lair:5 1 exclusion


Innate Abilities, Weirdness & Mutations

You passively map the area around you.
You are easily found by Zot.
You glow in the dark.
You regain HP and MP as you explore.
You are frail. (-10% HP)


Message History

The wizard howls an incantation.
You feel disoriented.
The raiju barely misses your hornet simulacrum.
Your hornet simulacrum barely misses the human.
Your spectral wizard closely misses the human.
Your spectral human barely misses the human. x2
Your spectral human hits the human.
Casting: Borgnjor's Vile Clutch (mildly dangerous; 1% risk of failure)
Confirm with . or Enter, or press ? or * to list all spells.
Aiming: Simulacrum (mildly dangerous; 1% risk of failure)
Press: ? - help, Shift-Dir - straight line, f/p - human
Aim: a human (poison gas, moderately wounded, very poisoned, constricted by zombie hands, ally target)
Okay, then.
Casting: Simulacrum (mildly dangerous; 1% risk of failure)
Confirm with . or Enter, or press ? or * to list all spells.
Aiming: Borgnjor's Vile Clutch (mildly dangerous; 1% risk of failure)
Press: ? - help, Shift-Dir - straight line, f - Rupert, p - human
Aim: Rupert, wielding a +3 battleaxe of freezing and wearing a +0 leather armour (poison gas, moderately wounded, fast, poisoned, lightly drained, ally target, 100% to hit)
You feel a surge of power!
Zombie hands grab Rupert.
Your spectral hornet is unaffected.
Your hornet simulacrum is unaffected.
Zombie hands grab the raiju.
The zombie hands constrict Rupert.
The zombie hands constrict the human!
The zombie hands constrict Urug.
The zombie hands constrict the raiju.
Rupert looks even sicker.
Rupert struggles to escape constriction.
The human barely misses your hornet simulacrum.
Your hornet simulacrum misses the human.
Your spectral hornet hits Rupert!
The human hits your spectral human but does no damage.
The human hits your spectral hornet.
The human is engulfed in poison gas.
The human looks even sicker.
You kill the human!
Kikubaaqudgha accepts your kill.
A glowing mist starts to gather...
The wizard mumbles some strange words.
The wizard blinks!
Urug is engulfed in poison gas.
Urug looks even sicker.
Urug struggles to escape constriction.
The raiju bites your hornet simulacrum.
The raiju shocks your hornet simulacrum!
Your hornet simulacrum vaporises!
Rupert is engulfed in poison gas.
Rupert looks even sicker.
Rupert escapes!
The fire crab is engulfed in poison gas.
The fire crab is poisoned.
Your spectral human closely misses the human.
Your spectral wizard barely misses the human.
Casting: Borgnjor's Vile Clutch (mildly dangerous; 1% risk of failure)
Confirm with . or Enter, or press ? or * to list all spells.
Aiming: Borgnjor's Vile Clutch (mildly dangerous; 1% risk of failure)
Press: ? - help, Shift-Dir - straight line, f/p - Rupert
Aim: Rupert, wielding a +3 battleaxe of freezing and wearing a +0 leather armour (poison gas, heavily wounded, fast, very poisoned, lightly drained, ally target, 100% to hit)
You feel a surge of power!
Zombie hands grab Rupert.
Your spectral hornet is unaffected.
The raiju is unaffected.
The zombie hands constrict Rupert!
The zombie hands constrict Urug!
The zombie hands constrict the raiju.
Rupert is engulfed in poison gas.
Rupert looks as sick as possible!
Rupert looks excited.
Rupert hits you with a +3 battleaxe of freezing.
Rupert freezes you.
Rupert hits your spectral hornet with a +3 battleaxe of freezing.
The human hits your spectral human.
Nessos is poisoned.
Nessos pounds the earth with their hooves.
The human barely misses your spectral human.
Urug is engulfed in poison gas.
Urug looks even sicker.
Urug escapes!
The raiju bites your spectral human! The raiju shocks your spectral human!
The fire crab is engulfed in poison gas.
The fire crab looks even sicker.
Something hits your spectral wizard.
Something barely misses your spectral wizard.
Something claws your spectral wizard.
Something closely misses your spectral wizard.
Your spectral human misses the human. x2
Your spectral hornet completely misses Rupert.
Your spectral human misses the human.
The zombie hands constrict Rupert.
The zombie hands constrict the raiju!
Nessos is engulfed in poison gas.
Nessos looks even sicker.
Nessos shoots an arrow.
The arrow completely misses you.
Rupert is engulfed in poison gas.
Rupert looks as sick as possible!
Rupert roars wildly at you.
You suddenly lose the ability to move!
Nessos is engulfed in poison gas.
Nessos looks even sicker.
Nessos shoots an arrow.
The arrow hits you!! The arrow burns you!
The human closely misses your spectral human.
Something completely misses your spectral human.
Your spectral hornet hits Rupert!
Your spectral hornet drains Rupert.
The human is poisoned.
Urug is engulfed in poison gas.
Urug looks as sick as possible!
Rupert is engulfed in poison gas.
Rupert looks as sick as possible!
Rupert struggles to escape constriction.
The raiju misses your spectral human.
Your spectral human hits the human.
Your spectral human drains the human.
Your spectral human closely misses the human.
Nessos is engulfed in poison gas.
Nessos looks as sick as possible!
Your spectral human closely misses the human.
The zombie hands constrict Rupert!
The zombie hands constrict the raiju!!
Nessos gestures wildly while chanting.
Nessos blinks!
Your spectral hornet hits Rupert!
Rupert dies!
Kikubaaqudgha accepts your kill.
A glowing mist starts to gather...
The human hits your spectral kobold. Something hits your spectral human.
The human closely misses your spectral human.
The human is engulfed in poison gas.
The human looks even sicker.
The human hits you.
Urug is engulfed in poison gas.
Urug looks as sick as possible!
The raiju bites your spectral human. The raiju shocks your spectral human!
Your spectral human is destroyed!
Something closely misses your spectral human.
Something pecks your spectral human.
Something claws your spectral human but does no damage.
Nessos is engulfed in poison gas.
Nessos looks as sick as possible!
Nessos gestures wildly while chanting.
Nessos blinks!
Your spectral wizard hits the human.
Your spectral human hits the human.
Your spectral human drains the human.
Your spectral human hits the human but does no damage.
Your spectral kobold hits the raiju but does no damage.
Your spectral human barely misses the human.
Your Fire Magic skill increases to level 6!
The zombie hands constrict the raiju!
You kill the raiju!
Kikubaaqudgha accepts your kill.
Nessos is engulfed in poison gas.
Nessos looks as sick as possible! x2
Something closely misses your spectral human.
The human barely misses your spectral human.
Your spectral adder bites the human.
The human closely misses your spectral hornet.
Your spectral hornet hits the human!
The human is engulfed in poison gas.
The human looks even sicker.
The human hits you but does no damage.
Urug is engulfed in poison gas.
Urug looks as sick as possible!
Urug hits you with a +2 vorpal broad axe!
* * * LOW HITPOINT WARNING * * *
x2 Something barely misses your spectral human.
Something pecks your spectral human. Something claws your spectral human.
Something hits your spectral wizard.
Your spectral human hits the human but does no damage.
Rupert hits the fire crab!
Your spectral human closely misses the human.
Your spectral human hits the human.
Your spectral kobold misses the human.
Your spectral wizard barely misses the human.
Nessos is engulfed in poison gas.
Nessos looks as sick as possible!
Your spectral hornet misses the human.
Nessos is engulfed in poison gas.
Nessos looks as sick as possible!
Your spectral adder bites the human.
The human hits your spectral kobold.
Something barely misses your spectral human.
The human hits your spectral human!
The human is engulfed in poison gas.
The human looks as sick as possible!
Urug is engulfed in poison gas.
Urug looks as sick as possible!
Urug grins and says, "Time to carve some turkeys."
Urug hits you with a +2 vorpal broad axe!
You die...
Kikubaaqudgha rasps: "You have failed me!
Welcome... death!"

,
,.?≈.~~....†p>.p.....
, ,
*#○○§§.§☼ZZZp)p.h....
*,, , ,,
#§§§○#§.ZppZp.......
* ,
§.§§§☼.§p§Zpp...... ,
, #§§§§†Z§§§§.......
, #§c.Z.§○○☼#####...
,,, ,, ,#.☼t○§§§○§§.
, #.# * ,
!.....##o§§§##. ,
,,**.#... #†@p§§# , *
,, #?. ###☼§§# , * *
,.c. , ○§§# , ## ,
.### , , , ,, , .#,,
, , *,,, ,,.# , , ~ ,
, ,, ,,,.# ,, *~ ~~ *
*** ,.. * * , , ,, ~


You could see Nessos (fast, extremely poisoned), Urug (extremely poisoned), a
fire crab (distracted, very poisoned, ally target), 9 humans, a friendly
spectral adder, a friendly spectral hornet, a friendly spectral kobold, 3
friendly spectral humans, a friendly spectral wizard and the friendly Rupert the
spectral human.

Vanquished Creatures
  A nagaraja (Snake:4)
  A bunyip (Swamp:1)
  2 hydras (Lair:5)
  2 salamander tyrants (Snake:4)
  2 anacondas (Snake:4)
  3 death yaks (D:9)
  2 naga warriors (Snake:4)
  A two-headed ogre (D:11)
  2 shock serpents
  A naga sharpshooter (Snake:4)
  A wizard (D:14)
  A salamander (Snake:4)
  A mana viper (Snake:4)
  A shining eye (Slime:3)
  A naga mage (Snake:4)
  4 elephants
  3 black mambas
  A cane toad (Lair:5)
  A komodo dragon (Lair:4)
  Prince Ribbit (D:5)
  A raiju (shapeshifter) (D:14)
  A hornet (D:14)
  11 blink frogs
  3 wyverns
  5 yaks
  3 humans (D:14)
  2 wraiths
  A vampire mosquito (Swamp:3)
  4 golden eyes
  A swamp worm (Swamp:1)
  4 nagas
  3 water moccasins
  A floating eye (Slime:3)
  A swamp drake (Swamp:3)
  A sky beast (D:8)
  3 black bears
  4 wolves (Lair:2)
  A kobold brigand (D:6)
  2 bullfrogs
  A gnoll sergeant (D:8)
  A scorpion (D:5)
  4 wights (D:8)
  10 killer bees (D:9)
  3 howler monkeys (D:9)
  An orc priest (D:8)
  A hound (D:5)
  2 hell rats (D:9)
  An iguana (D:6)
  2 adders
  3 gnolls (D:8)
  2 river rats (D:9)
  A shadow imp (D:8)
  An ufetubus (D:5)
  12 orcs
  2 ball pythons
  A bat (D:3)
  2 giant cockroaches
  A hobgoblin (D:2)
  4 jackals (D:3)
  2 quokkas (D:9)
  2 frilled lizards
  8 kobolds
  4 rats
  A bush (Snake:4)
156 creatures vanquished.

Vanquished Creatures (collateral kills)
  the Royal Jelly (Slime:5)
  Rupert (D:14)
  Mlioglotl (Swamp:2)
  13 acid blobs
  3 thorn hunters (Swamp:4)
  Agnes (Snake:1)
  4 nagarajas (Snake:4)
  8 azure jellies
  12 rockslimes
  7 quicksilver oozes
  An eleionoma (Swamp:3)
  A bunyip (Swamp:3)
  2 great orbs of eyes (Slime:5)
  10 hydras
  A salamander tyrant (Snake:4)
  4 anacondas
  5 alligators
  5 naga warriors (Snake:4)
  A shock serpent (Snake:4)
  4 death yaks (Lair:2)
  7 naga sharpshooters
  5 salamander mystics
  A spriggan druid (Swamp:3)
  8 swamp dragons
  A bog body (Lair:3)
  3 naga ritualists
  2 lindwurms (Swamp:4)
  3 shining eyes
  2 mana vipers (Snake:1)
  8 salamanders
  2 wolf spiders (Lair:5)
  A will-o-the-wisp (Swamp:2)
  11 black mambas
  An elephant (Lair:5)
  12 naga magi
  3 guardian serpents (Snake:4)
  2 cane toads (Lair:5)
  3 komodo dragons
  2 tyrant leeches
  29 slime creatures
  16 blink frogs
  2 spriggans (Swamp:3)
  A wyvern (D:9)
  A human (D:14)
  4 yaks
  9 golden eyes
  A basilisk (Lair:5)
  8 vampire mosquitoes
  20 nagas
  2 swamp worms
  4 water moccasins
  7 swamp drakes (Swamp:4)
  6 wolves
  A centaur (D:10)
  3 bullfrogs
  3 orc wizards
  5 orcs (D:10)
  A butterfly (Lair:5)
  A fungus (Lair:2)
286 creatures vanquished.

Vanquished Creatures (others)
  5 acid blobs
  6 rockslimes
  An azure jelly (Slime:2)
  5 quicksilver oozes
  A bunyip (Swamp:4)
  An acid blob zombie (Slime:5)
  4 hydras
  A great orb of eyes (Slime:3)
  A boulder beetle (D:14)
  3 anacondas
  2 naga warriors
  A centaur warrior (D:14)
  4 naga sharpshooters
  3 shock serpents
  2 goliath frogs
  An anaconda zombie (Snake:4)
  2 spriggan druids
  3 naga ritualists
  5 shining eyes
  A manticore (D:10)
  A salamander (Snake:4)
  2 mana vipers
  2 eyes of devastation (Slime:5)
  9 naga magi
  7 black mambas
  A cane toad (Lair:5)
  A komodo dragon (Lair:5)
  A troll (D:10)
  A hydra zombie (Swamp:4)
  2 tyrant leeches
  17 slime creatures
  3 golden eyes (Slime:2)
  A yak (D:10)
  16 nagas
  A water moccasin (Lair:5)
  A swamp drake (Swamp:1)
  2 swamp dragon zombies (Swamp:4)
  A blink frog zombie (Lair:1)
  2 vampire mosquito zombies (Swamp:3)
  A salamander zombie (Snake:4)
  6 wolf zombies (Lair:2)
  A black bear zombie (Lair:2)
  An iguana (D:14)
  3 killer bee zombies (D:9)
  6 naga zombies
  A hell rat zombie (D:9)
  An adder (D:14)
  6 swamp drake zombies (Swamp:4)
  A kobold (D:14)
  3 orc zombies (D:10)
  4 foxfires (Swamp:2)
  12 fungi
  17 plants
186 creatures vanquished.

Grand Total: 628 creatures vanquished

Notes
Turn   | Place    | Note
-------+----------+-------------------------------------------
     0 | D:1      | sentinel the Meteoran Earth Elementalist began the quest
                  | for the Orb.
     0 | D:1      | Reached XP level 1. HP: 14/14 MP: 5/5
    89 | D:2      | Learned a level 1 spell: Apportation
    90 | D:2      | Identified the +1 ring mail of the Monkey {Int+2}
   119 | D:3      | Reached XP level 2. HP: 19/20 MP: 4/6
   124 | D:3      | Reached XP level 3. HP: 18/26 MP: 0/8
   137 | D:3      | Learned a level 2 spell: Passwall
   141 | D:3      | Learned a level 3 spell: Stone Arrow
   283 | D:4      | Found a hazy altar of Hepliaklqana.
   286 | D:4      | Found an ancient bone altar of Kikubaaqudgha.
   286 | D:4      | Found a stormy altar of Qazlal.
   294 | D:4      | Became a worshipper of Kikubaaqudgha
   310 | D:4      | Found a sparkling altar of Nemelex Xobeh.
   310 | D:4      | Found a shimmering blue altar of Sif Muna.
   380 | D:4      | Reached skill level 1 in Conjurations
   389 | D:5      | Entered Level 5 of the Dungeon
   389 | D:5      | Noticed Prince Ribbit
   389 | D:5      | Noticed a scorpion
   392 | D:5      | Killed a scorpion
   393 | D:5      | Reached skill level 5 in Earth Magic
   393 | D:5      | Reached XP level 4. HP: 25/33 MP: 9/9
   393 | D:5      | Reached XP level 5. HP: 28/38 MP: 10/10
   404 | D:5      | Killed Prince Ribbit
   405 | D:5      | Reached XP level 6. HP: 18/45 MP: 7/11
   409 | D:5      | Learned a level 3 spell: Frozen Ramparts
   442 | D:5      | Found a glowing golden altar of the Shining One.
   444 | D:5      | Noticed a black bear
   447 | D:5      | Reached XP level 7. HP: 49/50 MP: 12/12
   449 | D:5      | Reached skill level 5 in Ice Magic
   473 | D:6      | Reached * piety under Kikubaaqudgha
   473 | D:6      | Received a gift from Kikubaaqudgha
   509 | D:6      | Reached skill level 3 in Spellcasting
   511 | D:7      | You fall into a shaft and drop 1 floor!
   520 | D:8      | Found a broken altar of Ashenzari.
   534 | D:8      | Reached XP level 8. HP: 43/57 MP: 8/14
   535 | D:8      | Reached skill level 4 in Spellcasting
   610 | D:8      | Reached skill level 5 in Spellcasting
   638 | D:8      | Reached skill level 6 in Spellcasting
   662 | D:9      | Noticed a wraith
   667 | D:9      | Killed a wraith
   668 | D:9      | Reached skill level 7 in Spellcasting
   670 | D:10     | Entered Level 10 of the Dungeon
   680 | D:10     | Noticed a wraith
   689 | D:10     | Killed a wraith
   690 | D:10     | Reached skill level 8 in Spellcasting
   723 | D:8      | Reached skill level 1 in Necromancy
   723 | D:8      | Gained mutation: You passively map the area around you.
                  | [Meteoran growth]
   723 | D:8      | Reached XP level 9. HP: 62/62 MP: 22/22
   763 | D:9      | Noticed a death yak
   776 | D:9      | Noticed a death yak
   778 | D:9      | Noticed a death yak
   779 | D:9      | Killed a death yak
   779 | D:9      | Reached ** piety under Kikubaaqudgha
   787 | D:9      | Killed a death yak
   788 | D:9      | Reached XP level 10. HP: 35/69 MP: 6/23
   795 | D:9      | Killed a death yak
   796 | D:9      | Reached skill level 5 in Conjurations
   801 | D:9      | Learned a level 4 spell: Animate Dead
   832 | D:9      | Found a staircase to the Lair.
   851 | D:9      | Reached skill level 10 in Necromancy
   880 | Lair:1   | Entered Level 1 of the Lair of Beasts
   971 | Lair:1   | Reached skill level 1 in Fighting
   972 | Lair:1   | Reached XP level 11. HP: 79/79 MP: 21/24
   994 | Lair:1   | Reached skill level 5 in Fighting
  1089 | Lair:2   | Reached *** piety under Kikubaaqudgha
  1089 | Lair:2   | Received a gift from Kikubaaqudgha
  1097 | Lair:2   | Learned a level 6 spell: Death Channel
  1104 | Lair:2   | Learned a level 6 spell: Simulacrum
  1135 | Lair:2   | Found a staircase to the Snake Pit.
  1186 | Lair:2   | Noticed a death yak
  1186 | Lair:2   | Noticed a death yak
  1187 | Lair:2   | Noticed a death yak
  1189 | Lair:2   | Noticed a death yak
  1204 | Lair:3   | Noticed an elephant
  1204 | Lair:3   | Noticed an elephant
  1204 | Lair:3   | Noticed an elephant
  1211 | Lair:3   | Killed an elephant
  1217 | Lair:3   | Killed an elephant
  1221 | Lair:3   | Killed an elephant
  1222 | Lair:3   | Reached skill level 9 in Spellcasting
  1244 | Lair:3   | Noticed a black mamba
  1249 | Lair:3   | Killed a black mamba
  1250 | Lair:3   | Reached XP level 12. HP: 89/94 MP: 26/26
  1272 | Lair:5   | Entered Level 5 of the Lair of Beasts
  1273 | Lair:5   | Noticed a six-headed hydra
  1277 | Lair:5   | Reached skill level 10 in Spellcasting
  1289 | Lair:4   | Learned a level 5 spell: Borgnjor's Vile Clutch
  1359 | Lair:5   | Killed a six-headed hydra
  1360 | Lair:5   | Reached skill level 10 in Ice Magic
  1432 | Lair:5   | Noticed a seven-headed hydra
  1440 | Lair:5   | Killed a seven-headed hydra
  1474 | Lair:5   | Reached XP level 13. HP: 101/101 MP: 28/28
  1510 | Lair:5   | Noticed a seven-headed hydra
  1516 | Lair:5   | Reached **** piety under Kikubaaqudgha
  1517 | Lair:5   | Killed a seven-headed hydra
  1530 | Lair:5   | Found a staircase to the Slime Pits.
  1556 | Slime:1  | Entered Level 1 of the Pits of Slime
  1564 | Slime:1  | You fall into a shaft and drop 1 floor!
  1568 | Slime:2  | Noticed a rockslime
  1577 | Slime:2  | Killed a rockslime
  1578 | Slime:2  | Reached skill level 5 in Dodging
  1581 | Slime:2  | Noticed an azure jelly
  1626 | Slime:3  | Noticed a rockslime
  1630 | Slime:3  | Noticed a quicksilver ooze
  1633 | Slime:3  | Killed a rockslime
  1634 | Slime:3  | Noticed an acid blob
  1641 | Slime:3  | Noticed a quicksilver ooze
  1644 | Slime:3  | Killed an acid blob
  1645 | Slime:3  | Reached skill level 10 in Dodging
  1654 | Slime:3  | Reached XP level 14. HP: 85/107 MP: 15/29
  1661 | Slime:4  | Noticed an azure jelly
  1670 | Slime:4  | Killed an azure jelly
  1699 | Slime:5  | Entered Level 5 of the Pits of Slime
  1713 | Slime:5  | Reached skill level 11 in Spellcasting
  1715 | Slime:5  | Noticed an acid blob
  1720 | Slime:5  | Killed an acid blob
  1722 | Slime:5  | Noticed a rockslime
  1724 | Slime:5  | Killed a rockslime
  1728 | Slime:5  | Noticed a quicksilver ooze
  1730 | Slime:5  | Killed a quicksilver ooze
  1734 | Slime:5  | Noticed an acid blob
  1736 | Slime:5  | Killed an acid blob
  1736 | Slime:5  | Noticed the Royal Jelly
  1737 | Slime:5  | Reached skill level 12 in Spellcasting
  1738 | Slime:5  | Noticed a quicksilver ooze
  1739 | Slime:5  | Noticed an acid blob
  1745 | Slime:5  | Noticed an acid blob
  1745 | Slime:5  | Noticed a rockslime
  1745 | Slime:5  | Noticed a quicksilver ooze
  1745 | Slime:5  | Killed a quicksilver ooze
  1746 | Slime:5  | Noticed an azure jelly
  1746 | Slime:5  | Killed a quicksilver ooze
  1747 | Slime:5  | Noticed a quicksilver ooze
  1747 | Slime:5  | Noticed a quicksilver ooze
  1748 | Slime:5  | Noticed a quicksilver ooze
  1748 | Slime:5  | Killed an acid blob
  1748 | Slime:5  | Killed a rockslime
  1750 | Slime:5  | Killed a quicksilver ooze
  1750 | Slime:5  | Killed an acid blob
  1750 | Slime:5  | Noticed an acid blob
  1751 | Slime:5  | Noticed a rockslime
  1751 | Slime:5  | Noticed an azure jelly
  1751 | Slime:5  | Noticed a rockslime
  1752 | Slime:5  | Noticed a rockslime
  1752 | Slime:5  | Noticed an acid blob
  1752 | Slime:5  | Noticed a rockslime
  1752 | Slime:5  | Noticed an acid blob
  1752 | Slime:5  | Killed a rockslime
  1753 | Slime:5  | Noticed a rockslime
  1753 | Slime:5  | Noticed an acid blob
  1754 | Slime:5  | Killed an azure jelly
  1754 | Slime:5  | Killed a quicksilver ooze
  1754 | Slime:5  | Killed a rockslime
  1755 | Slime:5  | Killed a rockslime
  1755 | Slime:5  | Killed the Royal Jelly
  1756 | Slime:5  | Reached skill level 13 in Spellcasting
  1756 | Slime:5  | Noticed an azure jelly
  1756 | Slime:5  | Noticed an azure jelly
  1756 | Slime:5  | Noticed a rockslime
  1756 | Slime:5  | Noticed an acid blob
  1756 | Slime:5  | Killed an azure jelly
  1756 | Slime:5  | Killed an azure jelly
  1756 | Slime:5  | Killed an acid blob
  1756 | Slime:5  | Killed a rockslime
  1756 | Slime:5  | Killed a rockslime
  1757 | Slime:5  | Killed an acid blob
  1758 | Slime:5  | Killed an azure jelly
  1758 | Slime:5  | Killed an acid blob
  1760 | Slime:5  | Killed an acid blob
  1760 | Slime:5  | Killed an acid blob
  1762 | Slime:5  | Noticed a rockslime
  1763 | Slime:5  | Noticed an azure jelly
  1765 | Slime:5  | Noticed an azure jelly
  1765 | Slime:5  | Killed a rockslime
  1766 | Slime:5  | Killed an azure jelly
  1768 | Slime:5  | Noticed an acid blob
  1768 | Slime:5  | Killed an azure jelly
  1769 | Slime:5  | Reached XP level 15. HP: 126/126 MP: 6/33
  1778 | Slime:5  | Killed an acid blob
  1779 | Slime:5  | Reached skill level 14 in Spellcasting
  1797 | Slime:5  | Identified the amulet "Vynniaf" {Spirit Int+7}
  1798 | Slime:5  | Noticed an acid blob
  1803 | Slime:5  | Killed an acid blob
  1804 | Slime:5  | Identified the +4 leather armour of Prudence {Dex+5}
  1806 | Slime:5  | Identified the +1 hat "Usutipsah" {Will+} (You found it on
                  | level 5 of the Pits of Slime)
  1826 | Slime:5  | Identified the +5 morningstar of the Living Dead
                  | {antimagic, rPois rF+ Dex+4}
  1834 | Slime:5  | Noticed a rockslime
  1840 | Slime:5  | Killed a rockslime
  1848 | Slime:5  | Identified the +9 great sword of Ashenzari, Summoning
                  | {flame, rC+ Dex+3}
  1849 | Slime:5  | Identified the +8 spear of Rirghi Qifoo {elec, rN+ Int+3}
  1852 | Slime:5  | Got a slimy rune of Zot
  1854 | Slime:5  | Got Further Progress in Wizarding
  2037 | Slime:3  | Gained mutation: You are frail. (-10% HP) [a shining eye]
  2048 | Slime:2  | Noticed an azure jelly
  2051 | Slime:2  | Noticed a rockslime
  2055 | Slime:2  | Noticed a quicksilver ooze
  2056 | Slime:2  | Killed an azure jelly
  2059 | Slime:2  | Killed a rockslime
  2117 | Lair:4   | Found a runed translucent door.
  2117 | Lair:4   | Noticed sentinel's ghost (journeyman MeEE)
  2133 | Lair:4   | Reached skill level 5 in Translocations
  2175 | Lair:3   | Found a staircase to the Swamp.
  2185 | Swamp:1  | Entered Level 1 of the Swamp
  2195 | Swamp:1  | Reached skill level 1 in Evocations
  2214 | Swamp:2  | Noticed Mlioglotl
  2219 | Swamp:2  | Paralysed by an air elemental for 1 turns
  2226 | Swamp:2  | Killed Mlioglotl
  2249 | Swamp:3  | Reached skill level 5 in Evocations
  2252 | Swamp:3  | Got the Quarto of Shifting Pyromania
  2284 | Swamp:4  | Entered Level 4 of the Swamp
  2308 | Swamp:4  | Reached skill level 15 in Spellcasting
  2309 | Swamp:4  | Noticed a thorn hunter
  2311 | Swamp:4  | Reached XP level 16. HP: 120/120 MP: 11/36
  2313 | Swamp:4  | Killed a thorn hunter
  2314 | Swamp:4  | Reached skill level 16 in Spellcasting
  2320 | Swamp:4  | Noticed a thorn hunter
  2322 | Swamp:4  | Noticed a thorn hunter
  2328 | Swamp:4  | Killed a thorn hunter
  2330 | Swamp:4  | Got a decaying rune of Zot
  2332 | Swamp:4  | Killed a thorn hunter
  2333 | Swamp:4  | Reached skill level 17 in Spellcasting
  2388 | Lair:3   | sentinel: maybe just go 3 rune
  2388 | Lair:3   | sentinel: cause no pog
  2388 | Lair:3   | Sapher: ^_^
  2468 | Snake:1  | Entered Level 1 of the Snake Pit
  2505 | Snake:1  | Noticed Agnes
  2531 | Snake:1  | Reached skill level 18 in Spellcasting
  2609 | Snake:3  | Sapher: horrible layouts so far in snakes
  2626 | Snake:4  | Entered Level 4 of the Snake Pit
  2668 | Snake:4  | Found Arhonyud's Book Shoppe.
  2670 | Snake:4  | Found Roimaili's Jewellery Boutique.
  2670 | Snake:4  | Found Rumi's Jewellery Boutique.
  2678 | Snake:4  | sentinel: yep
  2689 | Snake:4  | Identified a scroll of acquirement
  2689 | Snake:4  | Acquired 819 gold pieces
  2735 | Snake:4  | Reached skill level 19 in Spellcasting
  2795 | Snake:4  | sentinel: the usual
  2795 | Snake:4  | Sapher: ^_^
  2796 | Snake:4  | Reached XP level 17. HP: 48/125 MP: 14/41
  2823 | Snake:4  | Sapher: not that weak slimes pit ^_^
  2823 | Snake:4  | sentinel: layout very bad
  2856 | Snake:4  | Noticed a nagaraja
  2865 | Snake:4  | Killed a nagaraja
  2872 | Snake:4  | Sapher: i also suffered a bit in spiders nest..
  2878 | Snake:4  | Sapher: ^_^
  2885 | Snake:4  | Sapher: that luck
  2886 | Snake:4  | sentinel: acrobat
  2886 | Snake:4  | sentinel: op
  2886 | Snake:4  | sentinel: doesn't even matter if im lucky or not
  2886 | Snake:4  | Sapher: it should not work vs salamander probably
  2886 | Snake:4  | sentinel: since slow already
  2887 | Snake:4  | Sapher: it doubt you can doge his armagedon
  2887 | Snake:4  | Sapher: slow is because no pog
  2887 | Snake:4  | sentinel: only tyrants have
  2887 | Snake:4  | Sapher: oh
  2897 | Snake:4  | Reached skill level 20 in Spellcasting
  3010 | Snake:4  | Bought Unedd's Enchiridion on the Sweltering Mountains for
                  | 560 gold pieces
  3068 | Snake:4  | Noticed a nagaraja
  3072 | Snake:4  | Noticed a nagaraja
  3073 | Snake:4  | Killed a nagaraja
  3074 | Snake:4  | Noticed a nagaraja
  3078 | Snake:4  | Killed a nagaraja
  3078 | Snake:4  | Noticed a nagaraja
  3080 | Snake:4  | Killed a nagaraja
  3085 | Snake:4  | Reached skill level 21 in Spellcasting
  3090 | Snake:4  | Killed a nagaraja
  3102 | Snake:4  | Got a serpentine rune of Zot
  3124 | Snake:4  | Learned a level 8 spell: Ignition
  3153 | Snake:3  | Reached skill level 1 in Fire Magic
  3209 | Snake:1  | Killed Agnes
  3211 | Snake:1  | Reached skill level 5 in Fire Magic
  3372 | D:10     | Noticed Maurice
  3399 | D:14     | Noticed Rupert
  3399 | D:14     | Noticed Nessos
  3399 | D:14     | Noticed Urug
  3399 | D:14     | Found a gate to the Vaults.
  3417 | D:14     | Paralysed by Rupert for 5 turns
  3418 | D:14     | Killed Rupert
  3419 | D:14     | HP: 6/125 [Urug/+2 vorpal broad axe (3)]
  3420 | D:14     | Mangled by Urug

Illustrated notes

Levels and vault maps discovered:
D:1:      dpeg_arrival_stonehenge_8_columns, layout_loops_corners,
          ebering_ecumenical_altar_rust
D:2:      layout_loops_cross, basic_altar, chequers_serial_rivers_marsh
D:3:      layout_loops_ring, corner_web_ring, minmay_between
D:4:      layout_basic, trog_three_pillars_becter,
          minmay_overflow_temple_star_hex, minmay_temple_entry_statues_pillars,
          gammafunk_ghost_split, uniq_eustachio
D:5:      layout_rooms, grunt_temple_overflow_champion_of_chaos, tso_metal_star,
          kennysheep_big_empty_room, minmay_misc_feat_secret_circle,
          uniq_grinder, uniq_prince_ribbit1
D:6:      lemuel_ice_spiral_2, layout_basic, grunt_decor_fettered
D:7:      layout_rooms, kennysheep_little_box, grunt_decor_cap,
          grunt_ministairs_4, hangedman_decor_opposing,
          minmay_a_box_with_orc_wizards_in_it
D:8:      layout_cave_pods, eat_drink_and_be_merry_uskayaw,
          overflow_temple_1_default, serial_shops, nicolae_lakefront_shop
D:9:      layout_roguey, vehumet_crystals, grunt_gozag_statues,
          dpeg_lair_monsters, nrook_uturn, grunt_ministairs_9,
          minmay_misc_feat_columns, uniq_joseph
D:10:     erik_rubicon_a, layout_gridville, uniq_maurice
D:11:     layout_long_grid, serial_ice, serial_ice_l, serial_ice_m,
          serial_ice_h, serial_ice_o, portal_ice_cave_rime
D:12:     layout_gridville, orc_0_dummy, uniq_azrael
D:13:     minmay_the_grid_plus_closed [minmay_the_grid_garden,
          minmay_the_grid_square_x, minmay_the_grid_large_cup,
          minmay_the_grid_outer_diamond,
          minmay_the_grid_prize_four_corners_diamond_b], layout_basic,
          serial_rivers, chequers_serial_rivers_large_a,
          chequers_serial_rivers_small_a, chequers_serial_rivers_small_3,
          chequers_serial_rivers_small_3, chequers_serial_rivers_room_a
D:14:     layout_basic, david_vaults_3, serial_bayou_shore_b
Lair:1:   layout_regular_city
Lair:2:   layout_long_grid, guppyfry_snake_entry_garden, serial_bayou_shore_a
Lair:3:   layout_concentric_octagons, skrybe_swamp_entry_bodies
Lair:4:   layout_concentric_octagons, ebering_ghost_reflecting_pool
Lair:5:   grunt_lair_end_beastmaster, layout_big_grid, slime_entry_1,
          st_stairs_9, nicolae_lair_run_with_the_wolves, lemuel_fruit_fields
Swamp:1:  layout_basic_swamp, evilmike_swamp_ruin_house_3, swamp_pool1,
          worms_lemuel
Swamp:2:  layout_basic_swamp, evilmike_swamp_ruin_house_4, uniq_mlioglotl
Swamp:3:  layout_basic_swamp, gammafunk_ghost_grave, basic_altar
Swamp:4:  swamp_alternative, layout_basic_swamp, swamp_pool2,
          nicolae_swamp_oxbows
Snake:1:  layout_cave_pods, nicolae_snake_salamander_fort, uniq_agnes
Snake:2:  layout_onion, ebering_ghost_disaster_area, serial_shops, shop,
          nicolae_triple_integral
Snake:3:  layout_layer_cave, nicolae_snake_naga_rites
Snake:4:  snake_pit, layout_misc_corridors, minmay_shop_grove
Slime:1:  cheibrodos_slime_lost_civilization_9, layout_caves
Slime:2:  layout_caves
Slime:3:  layout_caves
Slime:4:  layout_caves
Slime:5

Skill      XL: |  1  2  3  4  5  6  7  8  9 10 11 12 13 14 15 16 17 |
---------------+----------------------------------------------------+-----
Earth Magic    | 4 5 6 8 |  8.0
Conjurations   | 2 3 4 5 |  5.0
Ice Magic      | 4 5 7 9 11 12 | 12.4
Spellcasting   | 3 8 9 10 13 15 19 21 | 21.4
Necromancy     | 1 8 10 11 13 | 13.8
Fighting       | 2 5 9 |  9.9
Dodging        | 10 | 10.7
Translocations | 5 |  5.9
Evocations     | 5 |  5.0
Fire Magic     | 6 |  6.5
Stealth        | |  1.4
Transmutations | |  1.2

Action                   |  1- 3 |  4- 6 |  7- 9 | 10-12 | 13-15 | 16-18 || total
-------------------------+-------+-------+-------+-------+-------+-------++-------
Melee: Unarmed           |       |       |       |     1 |       |       ||     1
 Cast: Sandblast         |    32 |    14 |    37 |    44 |     7 |       ||   134
       Apportation       |     3 |     2 |    10 |    18 |    49 |     8 ||    90
       Passwall          |     2 |       |     1 |       |     4 |    15 ||    22
       Stone Arrow       |       |       |    28 |    51 |     7 |     3 ||    89
       Frozen Ramparts   |       |       |     6 |    16 |       |     1 ||    23
       Animate Dead      |       |       |       |     9 |     4 |     5 ||    18
       Death Channel     |       |       |       |     5 |    10 |    12 ||    27
       Borgnjor's Vile C |       |       |       |    11 |    22 |    36 ||    69
       Simulacrum        |       |       |       |     2 |    66 |    85 ||   153
Invok: Unearth Wretches  |       |       |       |     2 |    19 |    18 ||    39
Evoke: Wand              |       |       |       |       |       |     9 ||     9
       Phial of floods   |       |       |       |       |       |     2 ||     2
  Use: Scroll            |     1 |       |     5 |     1 |     2 |     8 ||    17
       Potion            |       |       |       |     1 |     6 |    12 ||    19
Armor: Robe              |    10 |     4 |       |       |     2 |       ||    16
       Ring mail         |       |       |    15 |    16 |       |       ||    31
       Leather armour    |       |       |       |       |     9 |    31 ||    40
Dodge: Dodged            |     8 |     4 |    14 |    33 |    28 |   119 ||   206
